 Dungeon Crawl Stone Soup version 0.13.0-17-g5f0e85f (webtiles) character file.

514909 Lilouch the Slayer (level 25, -28/185 HPs)
             Began as a Gargoyle Fighter on Oct 20, 2013.
             Was a High Priest of Okawaru.
             Killed from afar by a Brimstone Fiend (37 damage)
             ... with a blast of hellfire
             ... summoned by a lich
             ... on Level 23 of the Dungeon on Oct 21, 2013.
             The game lasted 12:21:54 (79655 turns).

Lilouch the Slayer (Gargoyle Fighter)              Turns: 79655, Time: 12:21:55

HP -28/185       AC 39     Str 31      XL: 25   Next:  7%
MP  28/28        EV 18     Int 10      God: Okawaru [*****.]
Gold 5115        SH 49     Dex 15      Spells:  6 memorised, 14 levels left

Res.Fire  : + + +   See Invis. : +   h - +2,+0 demon whip (vamp)
Res.Cold  : + . .   Warding    : .   X - +1 fire dragon armour
Life Prot.: + . .   Conserve   : .   S - +0 dwarf large shield
Res.Poison: +       Res.Corr.  : .   (helmet restricted)
Res.Elec. : +       Clarity    : .   D - +1 cloak "Mnontamaru" {+Blink rF+}
Sust.Abil.: . .     Spirit.Shd : .   m - +1 pair of gloves "Math" {Acc+5 SInv}
Res.Mut.  : .       Stasis     : .   E - -5 pair of boots "Tomaog" {rC+ Dex+4 Acc+2}
Res.Rott. : +       Flight     : +   e - amulet of rage
Saprovore : . . .                    t - +7,+5 ring of slaying
                                     Z - ring "Ecrangej" {MR Acc+5 Dam+3 SInv}

@: exhausted, flying, studying Dodging, slowed, drained, very slow, very
resistant to hostile enchantments, extremely unstealthy
A: large and strong wings, fangs 1, horns 1, talons 2, carnivore 1, cold
resistance 1, -20% mp, life protection 1, electricity resistance, slowness 1,
slow metabolism 1, wild magic 1, unbreathing, evolution 1, petrification
resistance, AC +22, Dex +2
a: Stop Flying, Heroism, Finesse, Renounce Religion, Evoke Blink, Evoke Berserk
Rage
}: 3/15 runes: decaying, serpentine, silver


You were on level 23 of the Dungeon.
You worshipped Okawaru.
Okawaru was extremely pleased with you.
You were full.

You visited 12 branches of the dungeon, and saw 58 of its levels.
You visited the Abyss 2 times.

You collected 7464 gold pieces.
You spent 2369 gold pieces at shops.

Inventory:

Hand weapons
 c - a +6,+1 eveningstar of protection
 h - a +2,+0 vampiric demon whip (weapon)
Armour
 a - a +1 dwarven helmet of see invisible
 j - the +1 cloak of the Pure Hells {rC+}
   (You found it on level 5 of the Vaults)

   It protects you from cold.
 m - the +1 pair of gloves "Math" (worn) {Acc+5 SInv}
   (You bought it in a shop on level 4 of the Orcish Mines)

   It affects your accuracy (+5).
   It enhances your eyesight.
 D - the +1 cloak "Mnontamaru" (worn) {+Blink rF+}
   (Okawaru gifted it to you on level 5 of the Swamp)

   It protects you from fire.
   It lets you blink.
 E - the -5 pair of boots "Tomaog" (worn) {rC+ Dex+4 Acc+2}
   (Okawaru gifted it to you on level 10 of the Dungeon)

   It affects your dexterity (+4).
   It affects your accuracy (+2).
   It protects you from cold.
 S - a +0 dwarven large shield (worn)
 T - a +0 cloak of darkness
 X - a +1 fire dragon armour (worn)
Magical devices
 b - a wand of fire (2)
 f - a wand of teleportation (2)
 k - a wand of fireball (2)
 l - a wand of fireball (2)
 w - a wand of digging (11)
 y - a wand of lightning (7)
 A - a wand of slowing (14)
 C - a wand of draining (5)
 J - a wand of cold (6)
 M - a wand of draining (2)
 Y - a wand of enslavement (14)
Comestibles
 d - 24 bread rations
 v - a pear
 H - 10 sultanas
Scrolls
 g - 2 scrolls of remove curse
 r - a scroll of enchant armour
 G - 2 scrolls of teleportation
 K - a scroll of immolation
 N - a scroll of identify
 R - a scroll of brand weapon
Jewellery
 e - an amulet of rage (around neck)
 p - an uncursed ring of magical power
 q - an uncursed amulet of the gourmand
 s - an uncursed amulet of stasis
 t - a +7,+5 ring of slaying (right hand)
 x - an uncursed amulet of resist corrosion
 O - a +4 ring of dexterity
 U - an uncursed ring of teleportation
 V - an uncursed ring of sustain abilities
 Z - the ring "Ecrangej" (left hand) {MR Acc+5 Dam+3 SInv}
   (You found it on level 5 of the Vaults)

   [ring of protection from magic]

   It affects your accuracy (+5).
   It affects your damage-dealing abilities (+3).
   It enhances your eyesight.
Potions
 i - 3 potions of heal wounds
 u - 4 potions of might
 z - 3 potions of speed
 B - 2 potions of restore abilities
 F - a potion of blood
 P - a potion of magic
 Q - 15 potions of curing
Books
 o - a Young Poisoner's Handbook

   Spells                             Type                      Level
   Sting                              Conjuration/Poison           1
   Cure Poison                        Poison                       2
   Mephitic Cloud                     Conjuration/Poison/Air       3
   Olgreb's Toxic Radiance            Poison                       4
   Venom Bolt                         Conjuration/Poison           5
 L - a manual of Dodging
Miscellaneous
 n - a stone of tremors
 I - a box of beasts


   Skills:
 + Level 26.4(25.7) Fighting
 - Level 13.0(12.5) Maces & Flails
 * Level 17.8(17.2) Armour
 + Level 17.0(16.4) Dodging
 + Level 18.3(17.7) Shields
 - Level 11.0(10.5) Invocations
 - Level 10.0(9.5) Evocations


You had 14 spell levels left.
You knew the following spells:

 Your Spells              Type           Power        Failure   Level  Hunger
a - Swiftness             Chrm/Air       #.........   99%         2    ###....
b - Repel Missiles        Chrm/Air       #.........   99%         2    ###....
c - Apportation           Tloc           #.........   98%         1    ##.....
d - Blink                 Tloc           N/A          99%         2    ###....
e - Stoneskin             Trmt/Erth      #.........   99%         2    ###....
f - Sandblast             Erth           #.....       98%         1    ##.....


Dungeon Overview and Level Annotations

Branches:
Dungeon (23/27)            Temple (1/1) D:4             Orc (4/4) D:11
    Elf (3/3) Orc:4          Lair (8/8) D:12          Swamp (5/5) Lair:3
  Snake (5/5) Lair:5        Slime (1/6) Lair:7       Vaults (5/5) D:16
  Blade (1/1) Vaults:4      Crypt (1/5) Vaults:3
    Dis: Hell:1         Geh: Hell:1         Coc: Hell:1         Tar: Hell:1

Altars:
Ashenzari
Cheibriados
Elyvilon
Fedhas
Kikubaaqudgha
Nemelex Xobeh
Okawaru
Trog
Vehumet
Xom
Yredelemnul
Zin
Beogh

Shops:
D:13 [   D:17 [/*   D:22 (   Orc:2 (   Orc:4 [*(![   Elf:2 [   Snake:3 +
Snake:4 /   Snake:5 ([?   Vaults:2 }

Portals:
Hell: D:21 D:22 D:23
Abyss: D:21 D:22
Pandemonium: D:21 D:22 D:23
Ziggurat: D:13 (7060 gp)
Trove: D:13 (give wand of heal wounds (8))

Annotations:
D:12 exclusion: ice statue
D:15 exclusion: ice statue
Hell Geryon


Innate Abilities, Weirdness & Mutations

You are resistant to torment.
You are immune to poison.
You can fly continuously.
Your stone body is very resilient (AC +19).
Your wings are large and strong.
You have very sharp teeth.
You have razor-sharp toenails.
You resist negative energy.
You are resistant to electric shocks.
You have a slow metabolism.
You can survive without breathing.
You are immune to petrification.
You have a pair of small horns on your head.
You are partially covered in icy blue scales (AC +1).
You are partially covered in yellow scales (AC +2).
You are agile. (Dex +2)
Your digestive system is specialised to digest meat.
Your flesh is cold resistant.
Your magical capacity is very low (-20% MP).
You cover ground slowly.
Your spells are a little harder to cast, but a little more powerful.
You evolve.


Message History

* * * LOW HITPOINT WARNING * * *
The orc knight convulses!
Drink which item? (? for menu, Esc to quit)
You feel much better.
The Brimstone Fiend calls on the powers of darkness!
Your body is wracked with pain!
* * * LOW HITPOINT WARNING * * *
The orc knight convulses!
The orc knight roars a battle-cry!
The Brimstone Fiend gestures at you.
The hellfire explodes!
The blast of hellfire engulfs you!
* * * LOW HITPOINT WARNING * * *
The blast of hellfire engulfs the Brimstone Fiend.
The Brimstone Fiend completely resists.
The Brimstone Fiend gestures at you.
The hellfire explodes!
The blast of hellfire engulfs the Brimstone Fiend.
The Brimstone Fiend completely resists.
The blast of hellfire engulfs you!
Your scroll of torment catches fire!
You die...

####.# #..#
#.## #.# #.#
#.# #.# #.#
#@# #1#
###1###
#.4o1.#
#o3oo.#
..........#
####........
#......#.#
##(.##.#.#


You could see 2 Brimstone Fiends, a Shadow Fiend, an orc knight, an ice devil,
an iron devil, an orc warrior (frenzied) and an orc sorcerer.

Vanquished Creatures
  Saint Roka (Orc:4)
  Sojobo (Swamp:5)
  Margery (Vaults:5)
  Norris (Vaults:3)
  Lamia (Snake:2)
  Mara (Swamp:5)
  Mennas (Blade)
  Jory (D:22)
  Xtahua (Snake:5)
  An illusory Mara (Swamp:5)
  Frederick (Vaults:3)
  Nikola (Swamp:2)
  3 bone dragons
  The ghost of Dirian the Minotaur Blade, a mighty MiFi of Okawaru (Vaults:5)
  5 tentacled monstrosities (Vaults:5)
  A quicksilver dragon (D:20)
  A titan (Vaults:5)
  3 deep elf blademasters
  A Shadow Fiend (Abyss:1)
  An Executioner (Abyss:1)
  A deep elf master archer (Elf:3)
  A player illusion (Swamp:5)
  2 storm dragons (Vaults:5)
  6 liches
  Agnes (D:19)
  7 shadow dragons
  5 sphinxes
  Kirke (D:17)
  6 tengu reavers
  A fire giant (Vaults:4)
  6 deep elf sorcerers (Elf:3)
  Wiglaf (D:20)
  A ghoul (Swamp:4)
  A frost giant (shapeshifter) (D:19)
  13 vault wardens
  Louise (Swamp:1)
  An orc warlord (Lair:1)
  5 tentacled starspawn (Abyss:1)
  Jorgrun (D:17)
  26 stone giants
  2 balrugs
  8 deep elf demonologists
  6 greater nagas (Snake:5)
  14 deep elf annihilators (Elf:3)
  A purple draconian (Abyss:1)
  A pale draconian (Abyss:1)
  32 vault guards
  3 blizzard demons
  Snorg (D:19)
  7 ettins
  7 deep elf death magi (Elf:3)
  A dragon (Vaults:5)
  4 deep elf high priests
  22 yaktaur captains
  4 great orbs of eyes
  17 hydras
  6 ironheart preservers
  Nessos (Orc:3)
  A ravenous item mimic (Vaults:5)
  28 dancing weapons
  2 ravenous feature mimics
  13 ogre magi
  9 alligators
  3 anacondas
  4 hell hogs
  4 plague shamblers (Swamp:4)
  12 wretched stars (Abyss:1)
  4 spectral elves (Elf:3)
  8 very ugly things
  Urug (Swamp:1)
  16 naga warriors
  3 rakshasas (Abyss:1)
  2 hell knights (Vaults:5)
  7 thrashing horrors (Abyss:1)
  2 fire crabs (shapeshifter)
  2 catoblepae
  4 soul eaters
  29 centaur warriors
  A shadow wraith (D:22)
  An orc high priest (Elf:3)
  20 deep elf knights
  An ice devil (Hell)
  5 iron trolls
  2 spatial maelstroms (Abyss:1)
  5 unseen horrors
  2 storm dragon skeletons
  An unseen horror (shapeshifter) (D:23)
  A wizard (D:21)
  2 swamp dragons
  Erolcha (D:12)
  27 large abominations
  13 orc knights
  8 ironbrand convokers
  5 spectral hydras (Swamp:5)
  A giant amoeba (shapeshifter) (Vaults:5)
  2 flayed ghosts
  4 harpies
  2 deep trolls
  4 giant amoebae
  20 hill giants
  2 flaming corpses (Abyss:1)
  A fire giant zombie (D:21)
  4 oklob plants
  4 frost giant zombies
  5 wolf spiders
  A red wasp (shapeshifter) (Elf:1)
  21 deep elf conjurers
  4 necromancers
  5 spiny worms
  8 griffons
  7 stone giant zombies
  12 cyclopes
  4 orc sorcerers
  35 black mambas
  7 phantasmal warriors
  5 red wasps
  A stone golem (Abyss:1)
  4 sixfirhies
  6 stone giant skeletons
  A moth of wrath (shapeshifter) (Vaults:4)
  2 frost giant skeletons
  8 deep elf summoners
  4 vault sentinels
  6 elephants
  3 guardian serpents
  16 orange demons
  15 smoke demons
  2 eyes of devastation (shapeshifter)
  Psyche (D:7)
  21 spiny frogs
  2 tormentors (Abyss:1)
  4 demonic crawlers
  12 naga magi
  5 swamp worm zombies (Swamp:5)
  32 yaktaurs
  6 iron devils
  3 efreet
  A centaur zombie (D:23)
  A feature mimic (D:13)
  2 iron troll zombies (Vaults:2)
  A fire drake (Lair:3)
  A komodo dragon (shapeshifter) (Elf:3)
  4 ancient zymes (Abyss:1)
  A pale draconian skeleton (Abyss:1)
  A yellow draconian skeleton (Abyss:1)
  A harpy zombie (D:16)
  A silent spectre (Abyss:1)
  4 hydra zombies
  A black draconian skeleton (Abyss:1)
  A wandering mushroom (D:17)
  A death drake zombie (Abyss:1)
  12 hell beasts
  2 queen bees
  5 jumping spiders
  15 deep elf priests
  21 two-headed ogres
  6 polar bears (Lair:8)
  A blue devil (Hell)
  A queen bee (shapeshifter) (D:23)
  10 trolls
  A baby alligator (shapeshifter) (Vaults:2)
  10 komodo dragons
  A boulder beetle (shapeshifter) (Vaults:3)
  3 iron troll skeletons
  A harpy skeleton (D:17)
  A giant leech (shapeshifter) (Vaults:5)
  75 slime creatures
  Prince Ribbit (D:9)
  A blink frog (Lair:5)
  3 red wasp zombies
  A brown ooze (shapeshifter) (D:19)
  5 boulder beetles
  A griffon zombie (D:14)
  A fire giant simulacrum (D:19)
  A giant leech (Swamp:2)
  13 hellwings
  A brown ooze (Slime:1)
  3 ettin zombies
  A hydra skeleton (D:13)
  12 bog bodies
  10 baby alligators
  11 grizzly bears (Lair:8)
  A flying skull (Vaults:3)
  4 tarantellas
  A guardian serpent skeleton (Abyss:1)
  An ice dragon skeleton (D:19)
  2 air elementals (Abyss:1)
  5 basilisks
  24 redbacks
  4 ettin skeletons
  3 shadows
  A tarantella (shapeshifter) (D:21)
  12 ynoxinuls
  45 starcursed masses (Abyss:1)
  3 hill giant zombies
  2 wyverns
  123 ugly things
  A shark (D:9)
  37 deep elf magi
  A metal gargoyle (Hell)
  A vampire (Vaults:3)
  A trapdoor spider (D:12)
  5 hungry ghosts
  2 elephant slugs
  A griffon skeleton (D:18)
  A hog (shapeshifter) (D:18)
  7 necrophages (Swamp:4)
  A yak (shapeshifter) (D:23)
  89 yaks
  9 hippogriffs
  2 manticores
  A clay golem (D:19)
  A golden eye (shapeshifter) (Vaults:2)
  6 wraiths
  A chaos spawn (Elf:3)
  15 neqoxecs (Abyss:1)
  35 vampire mosquitoes
  44 deep elf fighters
  3 hogs (D:17)
  A hippogriff (shapeshifter) (Vaults:1)
  A soldier ant (shapeshifter) (D:18)
  2 rock worms
  A manticore (shapeshifter) (Vaults:5)
  34 wolves
  46 swamp worms
  4 molten gargoyles (Elf:1)
  2 deep troll zombies
  2 mottled dragons (shapeshifter)
  8 mottled dragons
  3 hell hounds
  3 spatial vortices (Abyss:1)
  A red wasp simulacrum (D:19)
  11 porcupines
  11 swamp drakes
  60 nagas
  17 small abominations
  4 sky beasts
  4 deep troll skeletons
  6 freezing wraiths
  51 orc warriors
  18 giant goldfish
  A boring beetle (shapeshifter) (D:16)
  33 centaurs
  11 ice beasts
  23 phantoms
  39 ogres
  An ettin simulacrum (D:21)
  4 swamp dragon zombies (Swamp:5)
  A tengu (D:8)
  2 yellow wasps
  6 black bears
  12 crocodiles
  A spiny worm simulacrum (D:17)
  3 human zombies
  2 yaktaur zombies
  9 wargs
  A big kobold (shapeshifter) (Vaults:5)
  3 brain worms
  4 rotting devils (Elf:3)
  A giant frog (shapeshifter) (D:19)
  29 giant frogs
  13 giant slugs
  41 water moccasins
  25 insubstantial wisps
  2 manticore zombies
  2 glowing shapeshifter simulacra
  4 agate snails
  A wyvern zombie (D:12)
  3 cyclops zombies
  6 big kobolds
  3 eyes of draining
  3 cyclops skeletons
  5 yaktaur skeletons
  40 killer bees
  A troll zombie (D:13)
  2 boulder beetle zombies
  A troll skeleton (D:14)
  3 eyes of draining (shapeshifter)
  A fire bat (shapeshifter) (Vaults:5)
  3 quasits
  6 wights
  10 electric eels
  3 giant frog zombies
  3 goliath beetles
  22 hounds
  4 jellyfish (Swamp:5)
  A big fish (Swamp:4)
  16 crimson imps
  A giant frog skeleton (D:4)
  4 iron imps (Abyss:1)
  6 jellies
  2 spectral swamp drakes (Swamp:5)
  7 iguanas
  4 scorpions
  A two-headed ogre skeleton (D:14)
  29 orc priests
  33 orc wizards
  7 orange rats
  9 worker ants
  A worker ant (shapeshifter) (Vaults:5)
  27 sheep
  A big kobold zombie (D:13)
  A sky beast zombie (D:12)
  A big kobold skeleton (D:15)
  An ogre zombie (D:9)
  5 boggarts (D:18)
  An ogre skeleton (D:6)
  2 mummies
  A swamp drake zombie (Swamp:5)
  57 green rats
  10 lemures
  3 gnolls (D:4)
  42 adders
  4 big fish zombies (Swamp:5)
  9 shadow imps
  A tengu simulacrum (Abyss:1)
  4 giant centipedes
  A mottled dragon simulacrum (D:13)
  2 white imps (Abyss:1)
  2 giant mites
  8 worms
  43 ufetubi
  An orc zombie (D:19)
  2 adder skeletons
  An adder zombie (D:6)
  An iguana skeleton (D:7)
  3 giant eyeballs
  9 giant geckos
  4 oozes
  201 orcs
  A bat zombie (D:8)
  12 hobgoblins
  53 jackals
  10 quokkas
  5 ball pythons
  19 bats
  5 giant cockroaches
  3 giant newts
  2 giant spores
  21 goblins
  A hobgoblin zombie (D:9)
  4 illusory rakshasas (Abyss:1)
  25 kobolds
  2 orc skeletons (D:8)
  A quokka zombie (D:5)
  36 rats
  3 ballistomycetes (D:13)
  2 bushes (Lair:8)
  3 fungi
  4 plants
  A starspawn tentacle (Abyss:1)
3024 creatures vanquished.

Vanquished Creatures (collateral kills)
  An agate snail (Lair:3)
1 creature vanquished.

Vanquished Creatures (others)
  A thrashing horror (Abyss:1)
  A rakshasa (Abyss:1)
  A necromancer (Vaults:5)
  A human (D:17)
  A hellwing (Abyss:1)
  A shadow (D:21)
  A swamp drake (Swamp:2)
  4 nagas
  An ogre (Vaults:3)
  A yak zombie (D:11)
  An electric eel (D:9)
  2 orc wizards
  A brain worm zombie (Abyss:1)
  A giant centipede (D:9)
  An adder (D:4)
  3 ufetubi
  5 orcs
  A hobgoblin (D:7)
  A lurking horror (Abyss:1)
  A rat (D:9)
  A crawling corpse (Elf:3)
  4 fungi
  3 plants
  11 starspawn tentacles (Abyss:1)
  12 starspawn tentacle segments (Abyss:1)
61 creatures vanquished.

Grand Total: 3086 creatures vanquished

Notes
Turn   | Place    | Note
--------------------------------------------------------------
     0 | D:1      | Lilouch, the Gargoyle Fighter, began the quest for the Orb.
     0 | D:1      | Reached XP level 1. HP: 14/14 MP: 0/0
   362 | D:1      | Reached XP level 2. HP: 16/19 MP: 1/1
  1007 | D:2      | Reached XP level 3. HP: 24/24 MP: 2/2
  1319 | D:2      | Found a basalt altar of Yredelemnul.
  1393 | D:2      | Reached skill level 4 in Armour
  1964 | D:3      | Reached XP level 4. HP: 28/28 MP: 3/3
  2198 | D:3      | Reached skill level 5 in Armour
  2494 | D:4      | Reached XP level 5. HP: 33/33 MP: 4/4
  2654 | D:4      | Got a heavily runed leather armour
  2665 | D:4      | Identified the cursed -1 leather armour of the Lobster {rC+ Int+2} (You found it on level 4 of the Dungeon)
  2747 | D:4      | Found a white marble altar of Elyvilon.
  2760 | D:4      | Reached skill level 6 in Armour
  2892 | D:4      | Found a staircase to the Ecumenical Temple.
  2898 | Temple   | Entered the Ecumenical Temple
  2954 | Temple   | Became a worshipper of Warmaster Okawaru
  3232 | D:5      | Entered Level 5 of the Dungeon
  3551 | D:5      | Reached XP level 6. HP: 38/38 MP: 5/5
  3580 | D:5      | Noticed a phantom
  3592 | D:5      | Killed a phantom
  3592 | D:5      | Reached skill level 7 in Armour
  3825 | D:5      | Acquired Okawaru's first power
  3929 | D:5      | Reached skill level 8 in Armour
  3929 | D:5      | Reached XP level 7. HP: 42/42 MP: 6/6
  4434 | D:6      | Reached skill level 9 in Armour
  4652 | D:6      | Reached XP level 8. HP: 48/48 MP: 7/7
  4921 | D:7      | Reached skill level 10 in Armour
  4952 | D:7      | Found an ancient bone altar of Kikubaaqudgha.
  5077 | D:7      | Found a sparkling altar of Nemelex Xobeh.
  5173 | D:7      | Reached skill level 11 in Armour
  6103 | D:8      | Noticed Psyche
  6120 | D:7      | Killed Psyche
  6120 | D:7      | Reached skill level 12 in Armour
  6120 | D:7      | Reached XP level 9. HP: 19/52 MP: 8/8
  6571 | D:8      | Reached skill level 13 in Armour
  6790 | D:8      | Found a glowing silver altar of Zin.
  6939 | D:9      | Reached skill level 5 in Maces & Flails
  7335 | D:9      | Reached XP level 10. HP: 57/57 MP: 9/9
  7467 | D:9      | Noticed Prince Ribbit
  7479 | D:9      | Killed Prince Ribbit
  7725 | D:9      | Found a snail-covered altar of Cheibriados.
  7725 | D:9      | Found a bloodstained altar of Trog.
  7855 | D:9      | Found a radiant altar of Vehumet.
  8019 | D:9      | Acquired Okawaru's second power
  8028 | D:9      | Reached skill level 10 in Maces & Flails
  8128 | D:10     | Entered Level 10 of the Dungeon
  8212 | D:10     | Noticed a cyclops
  8228 | D:10     | Killed a cyclops
  8263 | D:10     | Reached XP level 11. HP: 27/61 MP: 10/10
  8309 | D:10     | Paralysed by a giant eyeball for 3 turns
  8356 | D:10     | Noticed a hill giant
  8364 | D:10     | Killed a hill giant
  8717 | D:10     | Reached skill level 1 in Invocations
  8717 | D:10     | Reached skill level 1 in Evocations
  8737 | D:10     | Received a gift from Okawaru
  8748 | D:10     | Got a pair of polished boots {god gift}
  8753 | D:10     | Identified the -5 pair of boots "Tomaog" {rC+ Dex+4 Acc+2} (Okawaru gifted it to you on level 10 of the Dungeon)
  9359 | D:11     | Noticed a three-headed hydra
  9368 | D:11     | Killed a three-headed hydra
  9546 | D:11     | Found a staircase to the Orcish Mines.
  9813 | D:11     | Learned a level 2 spell: Swiftness
  9977 | D:11     | Reached skill level 5 in Invocations
 10019 | D:11     | Reached skill level 5 in Evocations
 10337 | D:12     | Found a staircase to the Lair.
 10349 | Lair:1   | Entered Level 1 of the Lair of Beasts
 10722 | Lair:1   | HP: 1/61 [spiny frog (12)]
 11027 | Lair:1   | Reached XP level 12. HP: 66/66 MP: 21/21
 11469 | D:12     | Received a gift from Okawaru
 11738 | D:12     | Noticed a hill giant
 11747 | D:12     | Killed a hill giant
 11787 | D:12     | Noticed an ice statue
 12321 | D:12     | Noticed Erolcha
 12365 | D:12     | Killed Erolcha
 12531 | D:12     | Noticed a seven-headed hydra
 12537 | D:12     | Killed a seven-headed hydra
 13159 | D:13     | Found Qiuqaph's Armour Boutique.
 13235 | D:13     | Found a portal to a secret trove of treasure.
 13441 | D:13     | Found a gateway to a ziggurat.
 13568 | D:13     | Noticed a four-headed hydra
 13587 | D:13     | Killed a four-headed hydra
 13587 | D:13     | Received a gift from Okawaru
 14347 | D:14     | Entered Level 14 of the Dungeon
 14357 | D:14     | Paralysed by a giant eyeball for 3 turns
 14387 | D:14     | Reached skill level 10 in Invocations
 14433 | D:14     | Got a crude chain mail
 14449 | D:14     | Reached XP level 13. HP: 71/71 MP: 26/26
 14595 | D:14     | Noticed a sphinx
 14599 | D:14     | Paralysed by a sphinx for 5 turns
 14611 | D:13     | Killed a sphinx
 15028 | D:14     | Reached skill level 10 in Evocations
 15171 | D:15     | Entered Level 15 of the Dungeon
 15336 | D:14     | Gained mutation: You are robust (+10% HP). [mutagenic meat]
 15337 | D:14     | Gained mutation: Your body is slowly deteriorating. [mutagenic meat]
 15338 | D:14     | Gained mutation: You occasionally shout uncontrollably. [mutagenic meat]
 15339 | D:14     | Gained mutation: Your body is deteriorating. [mutagenic meat]
 15451 | D:14     | Received a gift from Okawaru
 15452 | D:14     | Got an ichor-stained dagger {god gift}
 15467 | D:14     | Gained mutation: You have claws for feet. [mutagenic meat]
 15468 | D:14     | Gained mutation: You possess an exceptional clarity of mind. [mutagenic meat]
 15976 | D:15     | Reached skill level 5 in Shields
 16386 | D:16     | Received a gift from Okawaru
 16459 | D:16     | Reached skill level 5 in Fighting
 16869 | D:16     | Reached skill level 14 in Armour
 17002 | D:16     | Found a staircase to the Vaults.
 17518 | D:16     | Gained mutation: Your wings are large and strong. [gargoyle growth]
 17518 | D:16     | Reached XP level 14. HP: 40/88 MP: 27/27
 17891 | D:17     | Noticed Jorgrun
 17918 | D:17     | Killed Jorgrun
 17949 | D:17     | Found Megoppua's Assorted Antiques.
 18267 | D:17     | Found Kipux's Magical Wand Shop.
 18306 | D:17     | Bought a wand of teleportation (1) for 225 gold pieces
 18486 | D:17     | Reached skill level 15 in Armour
 18493 | D:17     | Received a gift from Okawaru
 18517 | D:17     | Lost mutation: You occasionally shout uncontrollably. [mutagenic meat]
 18518 | D:17     | Lost mutation: You are robust (+10% HP). [mutagenic meat]
 18520 | D:17     | Found Phitraud's Armour Boutique.
 18804 | D:17     | Noticed Kirke
 18810 | D:17     | Killed Kirke
 19028 | Vaults:1 | Entered Level 1 of the Vaults
 19134 | Vaults:1 | Noticed a vault warden
 19150 | Vaults:1 | Killed a vault warden
 19480 | Vaults:1 | Noticed a sphinx
 19481 | Vaults:1 | Noticed a stone giant
 19495 | Vaults:1 | Killed a sphinx
 19504 | Vaults:1 | Killed a stone giant
 19687 | Lair:1   | Identified the dagger of Equivalence {god gift, freeze, Stlth-- Curse} (Okawaru gifted it to you on level 14 of the Dungeon)
 19738 | Lair:1   | Lost mutation: Your body is deteriorating. [potion of cure mutation]
 19738 | Lair:1   | Lost mutation: Your body is slowly deteriorating. [potion of cure mutation]
 19738 | Lair:1   | Lost mutation: You have claws for feet. [potion of cure mutation]
 19738 | Lair:1   | Lost mutation: You possess an exceptional clarity of mind. [potion of cure mutation]
 20168 | Lair:1   | Identified the +4 chain mail "Jovets" {rElec} (You found it on level 14 of the Dungeon)
 20229 | D:13     | Bought a +2 dwarven helmet of see invisible for 358 gold pieces
 20298 | Lair:2   | Received a gift from Okawaru
 21456 | Lair:3   | Reached XP level 15. HP: 89/89 MP: 28/28
 21461 | Lair:3   | Found a staircase to the Swamp.
 21495 | Swamp:1  | Entered Level 1 of the Swamp
 21683 | Swamp:1  | Reached skill level 10 in Shields
 21894 | Swamp:1  | Received a gift from Okawaru
 21914 | Swamp:1  | Noticed Louise
 21922 | Swamp:1  | Reached skill level 10 in Fighting
 21949 | Swamp:1  | Killed Louise
 22004 | Swamp:1  | Noticed Urug
 22014 | Swamp:1  | Killed Urug
 22635 | Lair:1   | Got a steaming silver ring
 22678 | Lair:1   | Noticed Dexoapap
 22702 | Lair:1   | Killed Dexoapap the deep elf blademaster
 24433 | Lair:5   | Found a staircase to the Snake Pit.
 24675 | Lair:5   | Received a gift from Okawaru
 25525 | Lair:6   | Reached skill level 1 in Dodging
 26385 | Lair:7   | Received a gift from Okawaru
 26415 | Lair:7   | Identified the ring "Oseijur" {rPois rC+ Str+2 SInv Stlth-} (You drew the Genie on level 1 of the Lair of Beasts)
 26415 | Lair:7   | Identified a scroll of acquirement
 26420 | Lair:7   | Got an ancient war axe {god gift}
 26619 | Lair:1   | Identified the war axe of Amorality {god gift, drain, Str+4 Int+4} (Okawaru gifted it to you on level 7 of the Lair of Beasts)
 26833 | Lair:7   | Found a blossoming altar of Fedhas.
 27081 | Lair:7   | Found a staircase to the Slime Pits.
 27138 | Slime:1  | Entered Level 1 of the Pits of Slime
 27274 | Lair:7   | Reached XP level 16. HP: 98/98 MP: 29/29
 27546 | Lair:8   | Entered Level 8 of the Lair of Beasts
 29335 | D:11     | Noticed an eight-headed hydra
 29341 | D:11     | Killed an eight-headed hydra
 29380 | Orc:1    | Entered Level 1 of the Orcish Mines
 29425 | Orc:1    | Paralysed by an orc sorcerer for 2 turns
 29881 | Orc:2    | Found Qahi's Antique Weapon Shoppe.
 30006 | Orc:3    | Noticed Nessos
 30407 | Orc:3    | Killed Nessos
 30627 | Orc:4    | Entered Level 4 of the Orcish Mines
 30774 | Orc:4    | Found Dicaev's General Store.
 30784 | Orc:4    | Bought a scroll of enchant weapon I for 77 gold pieces
 30784 | Orc:4    | Bought a potion of strong poison for 28 gold pieces
 30810 | Orc:4    | Found a staircase to the Elven Halls.
 30842 | Orc:4    | Found a glowing silver altar of Zin.
 30880 | Orc:4    | Found a roughly hewn altar of Beogh.
 30880 | Orc:4    | Found Wekh's Distillery.
 30949 | Orc:4    | Bought a potion of curing for 32 gold pieces
 30949 | Orc:4    | Bought 2 potions of heal wounds for 96 gold pieces
 30949 | Orc:4    | Bought a potion of heal wounds for 48 gold pieces
 30949 | Orc:4    | Bought a potion of experience for 800 gold pieces
 30952 | Orc:4    | Bought a potion of curing for 32 gold pieces
 31012 | Orc:4    | Found a roughly hewn altar of Beogh.
 31120 | Orc:4    | Found a roughly hewn altar of Beogh.
 31141 | Orc:4    | Found Povalyloud's Armour Shop.
 31154 | Orc:4    | Bought the cursed +1 pair of gloves "Math" {Acc+5 SInv} for 260 gold pieces
 31174 | Orc:4    | Found a roughly hewn altar of Beogh.
 31205 | Orc:4    | Found a roughly hewn altar of Beogh.
 31351 | Orc:4    | Noticed Saint Roka
 31383 | Orc:4    | Killed Saint Roka
 31383 | Orc:4    | Received a gift from Okawaru
 31427 | Orc:4    | Got a brightly glowing cloak {god gift}
 31560 | Orc:4    | Found Phemaeza's Antique Armour Emporium.
 31560 | Orc:4    | Found a roughly hewn altar of Beogh.
 31565 | Orc:4    | Found Skiast's Antique Weapon Shoppe.
 31579 | Orc:4    | Identified the -4 cloak of Marbles {+Blink rElec} (Okawaru gifted it to you on level 4 of the Orcish Mines)
 31628 | Orc:4    | Found a roughly hewn altar of Beogh.
 31738 | Orc:4    | Found a roughly hewn altar of Beogh.
 32842 | Vaults:1 | Gained mutation: You are partially covered in yellow scales (AC +2). [mutagenic meat]
 32843 | Vaults:1 | Gained mutation: Your spells are a little harder to cast, but a little more powerful. [mutagenic meat]
 32844 | Vaults:1 | Gained mutation: Your vision is a little blurry. [mutagenic meat]
 32939 | Vaults:1 | Reached skill level 5 in Dodging
 32964 | Vaults:1 | Noticed a vault warden
 32980 | Vaults:1 | Killed a vault warden
 33132 | Vaults:1 | Noticed a vault warden
 33147 | Vaults:1 | Killed a vault warden
 33147 | Vaults:1 | Received a gift from Okawaru
 33238 | Vaults:1 | Reached skill level 15 in Shields
 33489 | D:17     | Bought a scroll of enchant weapon I for 203 gold pieces
 33546 | D:18     | Reached XP level 17. HP: 106/106 MP: 30/30
 33557 | D:18     | Gained mutation: You are dopey. (Int -2) [mutagenic meat]
 33558 | D:18     | Gained mutation: Your flesh is cold resistant. [mutagenic meat]
 33943 | D:18     | Got an ancient falchion
 34793 | D:19     | Noticed Snorg
 34794 | D:19     | Noticed Agnes
 34805 | D:19     | Killed Snorg
 34805 | D:19     | Received a gift from Okawaru
 34815 | D:19     | Killed Agnes
 34831 | D:19     | Lost mutation: Your vision is a little blurry. [mutagenic meat]
 34975 | D:19     | Reached skill level 16 in Shields
 35271 | D:19     | Cast into the Abyss (ogre mage)
 35274 | Abyss:1  | Found a corrupted altar of Lugonu.
 35453 | D:19     | Escaped the Abyss
 35885 | Lair:1   | Identified the falchion "Skewn" {holy, Noisy rElec rC++ rN+} (You found it on level 18 of the Dungeon)
 36374 | D:19     | Gained mutation: You are agile. (Dex +2) [mutagenic meat]
 36375 | D:19     | Gained mutation: Your flesh is very cold resistant. [mutagenic meat]
 36757 | D:20     | Entered Level 20 of the Dungeon
 37865 | Snake:1  | Entered Level 1 of the Snake Pit
 37873 | Snake:1  | Received a gift from Okawaru
 37891 | Snake:1  | Got a fine flail {god gift}
 38060 | Snake:1  | Reached skill level 17 in Shields
 38240 | Snake:1  | Reached XP level 18. HP: 114/114 MP: 31/31
 39214 | Snake:2  | Noticed Lamia
 39246 | Snake:2  | Killed Lamia
 39861 | Snake:3  | Identified Coyte's Grimoire of the Rocks
 39982 | Snake:3  | Received a gift from Okawaru
 40105 | Snake:3  | Found Ilauv Pir's Book Boutique.
 40476 | Lair:1   | Identified the flail "Pniom" {god gift, holy, rF++} (Okawaru gifted it to you on level 1 of the Snake Pit)
 40926 | Snake:4  | Found Seatefuz's Magical Wand Shop.
 41279 | Snake:4  | Got an ebony dagger
 41422 | Snake:5  | Entered Level 5 of the Snake Pit
 41422 | Snake:5  | Found Plai's Antique Weapon Shoppe.
 41579 | Snake:5  | Reached skill level 15 in Fighting
 42065 | Snake:5  | Got a pitted mace
 42123 | Snake:5  | Got a serpentine rune of Zot
 42331 | Snake:5  | Noticed Xtahua
 42363 | Snake:5  | Killed Xtahua
 42662 | Lair:1   | Identified the cursed mace "Abeceetz" {pain, Int+1} (You found it on level 5 of the Snake Pit)
 42664 | Lair:1   | Identified the dagger of Tender Mercy {freeze, rF+ Int+2} (You found it on level 4 of the Snake Pit)
 42957 | Snake:5  | Found Ghuath's Magic Scroll Shoppe.
 42975 | Snake:5  | Bought a scroll of identify for 40 gold pieces
 42975 | Snake:5  | Bought a scroll of teleportation for 60 gold pieces
 42975 | Snake:5  | Bought a scroll of blinking for 110 gold pieces
 43077 | Snake:5  | Found Migium's Antique Armour Emporium.
 43785 | Swamp:2  | Got an ancient animal skin
 44033 | Swamp:2  | Noticed Nikola
 44115 | Swamp:2  | Killed Nikola
 44577 | Swamp:3  | Received a gift from Okawaru
 44660 | Swamp:3  | Reached XP level 19. HP: 124/124 MP: 31/31
 45105 | Swamp:3  | Reached skill level 18 in Shields
 45401 | Lair:1   | Identified the cursed -2 animal skin of Benevolence {Str+3 Stlth--} (You found it on level 2 of the Swamp)
 46564 | Swamp:5  | Entered Level 5 of the Swamp
 46975 | Swamp:5  | Noticed Mara
 46986 | Swamp:5  | Noticed Mara
 46986 | Swamp:5  | Noticed Mara
 46997 | Swamp:5  | Noticed Lilouch's illusion
 47492 | Swamp:5  | Noticed a bone dragon
 47522 | Swamp:5  | Killed a bone dragon
 47650 | Swamp:5  | Got a decaying rune of Zot
 48012 | Swamp:5  | Noticed Lilouch's illusion
 48015 | Swamp:5  | Noticed Mara
 48015 | Swamp:5  | Noticed Mara
 48021 | Swamp:5  | Killed Mara
 48036 | Swamp:5  | Killed Mara
 48075 | Swamp:5  | Noticed Sojobo
 48125 | Swamp:5  | Killed Sojobo
 48125 | Swamp:5  | Received a gift from Okawaru
 48125 | Swamp:5  | Reached skill level 10 in Dodging
 48205 | Swamp:5  | Killed Lilouch's illusion
 48214 | Swamp:5  | Got a steaming cloak {god gift}
 48760 | Lair:1   | Identified the +1 cloak "Mnontamaru" {+Blink rF+} (Okawaru gifted it to you on level 5 of the Swamp)
 49683 | Vaults:2 | Reached XP level 20. HP: 128/135 MP: 32/32
 49967 | Vaults:2 | Found Etaiv's Gadget Shop.
 49993 | Vaults:2 | Found an iron altar of Okawaru.
 50097 | Vaults:2 | Gained mutation: Your digestive system is specialised to digest meat. [mutagenic meat]
 50098 | Vaults:2 | Lost mutation: You are agile. (Dex +2) [mutagenic meat]
 50099 | Vaults:2 | Gained mutation: You are partially covered in icy blue scales (AC +1). [mutagenic meat]
 50100 | Vaults:2 | Gained mutation: Your spells are harder to cast, but more powerful. [mutagenic meat]
 50241 | Vaults:2 | Received a gift from Okawaru
 50260 | Vaults:2 | Got a shimmering morningstar {god gift}
 50599 | Lair:1   | Identified the +0,+2 morningstar "Blaifiow" {pain, rF+ Str+3} (Okawaru gifted it to you on level 2 of the Vaults)
 50788 | Vaults:1 | Reached skill level 19 in Fighting
 51451 | Vaults:3 | Noticed Norris
 51452 | Vaults:3 | Paralysed by Norris for 5 turns
 51470 | Vaults:3 | Paralysed by Norris for 6 turns
 51482 | Vaults:3 | Killed Norris
 51515 | Vaults:3 | Paralysed by a sphinx for 5 turns
 51802 | Vaults:3 | Gained mutation: Your magical capacity is low (-10% MP). [mutagenic meat]
 51803 | Vaults:3 | Lost mutation: Your spells are harder to cast, but more powerful. [mutagenic meat]
 51805 | Vaults:3 | Gained mutation: You occasionally shout uncontrollably. [mutagenic meat]
 51966 | Vaults:3 | Noticed Frederick
 51984 | Vaults:3 | Killed Frederick
 51984 | Vaults:3 | Received a gift from Okawaru
 52235 | Vaults:3 | Found a staircase to the Crypt.
 52243 | Crypt:1  | Entered Level 1 of the Crypt
 53661 | Lair:1   | Upgraded the game from 0.13.0-15-g9204fa6 to 0.13.0-17-g5f0e85f
 53960 | Vaults:4 | Reached skill level 20 in Fighting
 53982 | Vaults:4 | Received a gift from Okawaru
 54449 | Vaults:4 | Cast into the Abyss (deep elf demonologist)
 54475 | Abyss:1  | Got a jewelled chain mail
 54600 | Abyss:1  | Found a corrupted altar of Lugonu.
 54692 | Abyss:1  | Found a corrupted altar of Lugonu.
 54716 | Abyss:1  | Found a corrupted altar of Lugonu.
 54944 | Abyss:1  | Found a corrupted altar of Lugonu.
 55297 | Abyss:1  | Reached XP level 21. HP: 144/144 MP: 23/23
 55739 | Abyss:1  | Paralysed by a giant eyeball for 3 turns
 55817 | Abyss:1  | Gained mutation: You are clumsy. (Dex -2) [a neqoxec]
 56072 | Abyss:1  | Reached skill level 21 in Fighting
 56265 | Abyss:1  | Received a gift from Okawaru
 56992 | Abyss:1  | Gained mutation: Your magical capacity is very low (-20% MP). [a neqoxec]
 57724 | Abyss:1  | Reached skill level 22 in Fighting
 57947 | Abyss:1  | Gained mutation: Your magical capacity is extremely low (-30% MP). [a neqoxec]
 58076 | Abyss:1  | Found a viscous altar of Jiyva.
 58080 | Abyss:1  | Found a burning altar of Makhleb.
 58146 | Vaults:4 | Escaped the Abyss
 58310 | Vaults:4 | Reached XP level 22. HP: 156/156 MP: 23/23
 58639 | Vaults:4 | Found a glowing silver altar of Zin.
 58656 | Vaults:4 | Found a staircase to the Hall of Blades.
 59776 | Vaults:5 | Entered Level 5 of the Vaults
 59907 | Vaults:4 | Reached skill level 23 in Fighting
 59913 | Vaults:4 | Received a gift from Okawaru
 60176 | Vaults:5 | Noticed Dirian's ghost (mighty MiFi)
 60210 | Vaults:5 | Killed Dirian's ghost
 60216 | Vaults:5 | Got a distressingly furry scale mail
 60531 | Vaults:5 | Got a transparent war axe
 60736 | Vaults:5 | Received a gift from Okawaru
 60744 | Vaults:5 | Noticed Margery
 60833 | Vaults:5 | Killed Margery
 61801 | Vaults:5 | Got a slimy sling
 61819 | Vaults:5 | Got a faintly glowing plate armour
 61917 | Vaults:5 | Reached skill level 24 in Fighting
 62461 | Lair:1   | Identified the cursed -3 plate armour of the Bagpipe {Int+2} (You found it on level 5 of the Vaults)
 62530 | Lair:1   | Learned a level 2 spell: Repel Missiles
 62532 | Lair:1   | Learned a level 1 spell: Apportation
 62535 | Lair:1   | Learned a level 2 spell: Blink
 62538 | Lair:1   | Learned a level 2 spell: Stoneskin
 62540 | Lair:1   | Learned a level 1 spell: Sandblast
 62930 | Vaults:5 | Gained mutation: You cover ground slowly. [a shining eye]
 62957 | Vaults:4 | Received a gift from Okawaru
 62957 | Vaults:4 | Reached XP level 23. HP: 140/166 MP: 12/23
 63742 | Vaults:5 | Got a steaming battleaxe
 63746 | Vaults:5 | Got a crude steel ring
 63748 | Vaults:5 | Got a flickering amber ring
 63767 | Vaults:5 | Got a brightly glowing cloak
 64160 | Lair:1   | Identified the +1 cloak of the Pure Hells {rC+} (You found it on level 5 of the Vaults)
 64190 | Lair:1   | Identified the ring "Utiurom" {Hunger Str-4 Dex-5} (You found it on level 5 of the Vaults)
 64190 | Lair:1   | Identified the ring "Ecrangej" {MR Acc+5 Dam+3 SInv} (You found it on level 5 of the Vaults)
 64264 | Lair:1   | Identified the cursed war axe of Inference {chop, rElec SInv} (You took it off a vault guard on level 5 of the Vaults)
 65025 | Vaults:5 | Got a silver rune of Zot
 65061 | Vaults:5 | Received a gift from Okawaru
 65618 | Elf:1    | Entered Level 1 of the Elven Halls
 67048 | Elf:2    | Reached skill level 15 in Dodging
 67090 | Elf:2    | Found Voun's Antique Armour Boutique.
 67542 | Elf:2    | Reached skill level 25 in Fighting
 67605 | Elf:3    | Entered Level 3 of the Elven Halls
 69155 | Elf:3    | Received a gift from Okawaru
 70303 | Elf:3    | Reached XP level 24. HP: 176/176 MP: 24/24
 70313 | Elf:3    | Received a gift from Okawaru
 70320 | Elf:3    | Got a dazzling morningstar {god gift}
 70745 | Elf:3    | Identified the Guide on Displacement
 70758 | Elf:3    | Got a bloodstained halberd
 70771 | Elf:3    | Got an ivory war axe
 70773 | Elf:3    | Got a brightly glowing wooden ring
 71237 | Lair:1   | Identified the ring "Qomucwae" {Ice +Fly Int+1 SInv} (You found it on level 3 of the Elven Halls)
 71412 | Lair:1   | Identified the cursed -3 chain mail "Smewiom" {+Blink +Rage rC+} (You found it on level 1 of the Abyss)
 71445 | Lair:1   | Identified the +2 scale mail "Ciem" {+Inv rF++} (You found it on level 5 of the Vaults)
 71520 | Lair:1   | Identified the morningstar "Niank" {god gift, drain, rF+ Dex+3} (Okawaru gifted it to you on level 3 of the Elven Halls)
 71523 | Lair:1   | Identified the war axe of Dischord {flame, rF++ Dex+1} (You found it on level 3 of the Elven Halls)
 71996 | Elf:3    | Identified the Volume of the Mutagenic Snowflakes
 72006 | Elf:3    | Identified the Incunabulum of the Rocks
 72071 | Elf:3    | Got a crystal sling
 72119 | Elf:3    | Identified the Guide on Frigorific Good Luck
 72134 | Elf:3    | Got a polished crossbow
 72164 | Elf:3    | Got a heavily runed plate armour
 72238 | Elf:3    | Received a gift from Okawaru
 72593 | Lair:1   | Identified the +1 plate armour of Yredelemnul's Envy {Dam+6 Curse} (You found it on level 3 of the Elven Halls)
 73393 | Elf:3    | Got a slimy sabre
 73405 | Elf:3    | Got a steaming spear
 74109 | Blade    | Entered the Hall of Blades
 74262 | Blade    | Noticed Mennas
 74338 | Blade    | Killed Mennas
 75101 | D:20     | Lost mutation: Your flesh is very cold resistant. [mutagenic meat]
 75102 | D:20     | Gained mutation: You are weak. (Str -2) [mutagenic meat]
 75176 | D:20     | Reached skill level 26 in Fighting
 75298 | D:20     | Noticed a quicksilver dragon
 75362 | D:20     | Killed a quicksilver dragon
 75504 | D:20     | Noticed Wiglaf
 75514 | D:20     | Killed Wiglaf
 76788 | D:21     | Found a one-way gate leading to the halls of Pandemonium.
 76928 | D:21     | Found a one-way gate to the infinite horrors of the Abyss.
 77084 | D:21     | Lost mutation: You are dopey. (Int -2) [mutagenic meat]
 77087 | D:21     | Gained mutation: You evolve. [mutagenic meat]
 77310 | D:21     | Found a gateway to Hell.
 77501 | D:21     | Lost mutation: You are clumsy. (Dex -2) [mutagenic meat]
 77503 | D:21     | Lost mutation: You evolve. [mutagenic meat]
 77504 | D:21     | Gained mutation: You are agile. (Dex +2) [mutagenic meat]
 77837 | D:22     | Noticed Jory
 77895 | D:22     | Killed Jory
 77923 | D:22     | Lost mutation: Your magical capacity is extremely low (-30% MP). [mutagenic meat]
 78164 | D:22     | Found a shattered altar of Ashenzari.
 78396 | D:22     | Found Ciarepin's Antique Weapon Boutique.
 78580 | Hell     | Entered the Vestibule of Hell
 78580 | Hell     | Noticed Geryon
 79290 | D:23     | Reached XP level 25. HP: 185/185 MP: 28/28
 79416 | D:23     | Gained mutation: You have a pair of small horns on your head. [mutagenic meat]
 79419 | D:23     | Lost mutation: You occasionally shout uncontrollably. [mutagenic meat]
 79420 | D:23     | Lost mutation: You are weak. (Str -2) [mutagenic meat]
 79575 | D:23     | Gained mutation: You evolve. [mutagenic meat]
 79652 | D:23     | HP: 8/277 [Brimstone Fiend/blast of hellfire[a lich] (35)]
 79655 | D:23     | Killed from afar by a Brimstone Fiend

Action                   |  1- 3 |  4- 6 |  7- 9 | 10-12 | 13-15 | 16-18 | 19-21 | 22-24 | 25-27 || total
-------------------------+-------+-------+-------+-------+-------+-------+-------+-------+-------++-------
Melee: Mace              |    97 |   126 |       |       |       |       |       |       |       ||   223
       Flail             |       |    10 |   159 |       |       |       |   136 |       |       ||   305
       Morningstar       |       |       |   125 |   722 |       |       |       |       |       ||   847
       Demon whip        |       |       |       |   145 |  1568 |  2832 |  3063 |  3404 |   108 || 11120
       Eveningstar       |       |       |       |       |    59 |    15 |       |    31 |       ||   105
       Unarmed           |       |       |       |       |       |    15 |       |       |       ||    15
Throw: Dart              |       |       |       |     1 |     1 |     3 |       |       |       ||     5
Invok: Heroism           |       |       |     1 |     1 |       |     1 |       |     3 |       ||     6
       Finesse           |       |       |       |       |       |     1 |     2 |     2 |       ||     5
 Abil: Evoke Berserk Rag |       |       |       |     4 |     3 |     9 |     7 |    11 |     1 ||    35
       Fly               |       |       |       |       |     1 |       |       |       |       ||     1
       End Transformatio |       |       |       |       |     1 |       |       |       |       ||     1
       Evoke Blink       |       |       |       |       |       |     1 |       |       |       ||     1
       Evoke Invisibilit |       |       |       |       |       |       |     1 |       |       ||     1
Evoke: Wand              |       |     2 |    12 |    19 |    11 |     3 |    25 |     8 |       ||    80
       Deck              |       |       |       |     2 |    20 |     6 |       |    12 |       ||    40
  Use: Scroll            |       |     7 |     2 |    17 |     8 |    11 |     4 |    20 |       ||    69
       Potion            |       |       |     1 |     2 |     3 |     1 |     4 |     6 |     2 ||    19
 Stab: Confused          |       |       |       |     1 |       |     2 |     1 |       |       ||     4
       Petrified         |       |       |       |       |     1 |       |       |       |       ||     1
       Fleeing           |       |       |       |       |     1 |       |       |     2 |       ||     3
       Invisible         |       |       |       |       |     2 |       |       |       |       ||     2
       Distracted        |       |       |       |       |       |     1 |     1 |       |       ||     2
